 Dungeon Crawl Stone Soup version 0.30-a0-279-g4b46babb21 (webtiles) character file.

Game seed: 13371432803637042540

59 SuperHamster the Caller (level 3, 14/14 HPs)
             Began as a Felid Summoner on Oct 16, 2022.
             Quit the game on level 3 of the Dungeon.
             The game lasted 00:07:56 (2221 turns).

SuperHamster the Caller (Felid Summoner)            Turns: 2221, Time: 00:07:57

Health: 14/14      AC:  1    Str:  4    XL:     3   Next: 78%
Magic:  7/7        EV: 21    Int: 18    God:
Gold:   88         SH:  5    Dex: 16    Spells: 0/6 levels left
                                        Lives:  0   Deaths: 1

rFire   . . .      SeeInvis +    (weapon unavailable)
rCold   . . .      Faith    .    (shield unavailable)
rNeg    . . .      Spirit   .    (body armour unavailable)
rPois   .          Reflect  +    (helmet unavailable)
rElec   .          Harm     .    (cloak unavailable)
rCorr   .          Rampage  .    (gloves unavailable)
Will    .....                    (boots unavailable)
Stlth   ++........               d - amulet of reflection
HPRegen 0.22/turn                b - +4 ring of evasion
MPRegen 0.10/turn                (no ring)

@: quick
A: very small, claws 1, fangs 3, see invisible, speed 1, shaggy fur 1, stealthy
paws, no weapons or thrown items, no armour, multi-lived
a: no special abilities


You were on level 3 of the Dungeon.
You visited 1 branch of the dungeon, and saw 3 of its levels.

You collected 88 gold pieces.

Inventory:

Jewellery
 b - a +4 ring of evasion (left paw)
 d - an amulet of reflection (around neck)
 h - a ring of ice
Scrolls
 c - 3 scrolls of vulnerability {unknown}
 e - 3 scrolls of identify {unknown}
 g - a scroll of poison {unknown}
 k - a scroll of blinking {unknown}
 m - 2 scrolls of teleportation {unknown}
Potions
 a - a potion of magic
 f - a potion of curing {unknown}
 i - a potion of mutation {unknown}
 j - a potion of degeneration {unknown}
 l - a potion of ambrosia {unknown}


   Skills:
 - Level 2.6 Dodging
 - Level 2.6 Stealth
 - Level 2.0 Spellcasting
 + Level 6.2 Summonings


You couldn't memorise any spells.
You knew the following spells:

 Your Spells              Type           Power      Damage    Failure   Level
a - Summon Small Mammal   Summ           96%        N/A       1%          1
b - Call Imp              Summ           24%        N/A       2%          2
c - Call Canine Familiar  Summ           24%        N/A       4%          3

Your spell library contained the following spells:

 Spells                   Type           Power      Damage    Failure   Level
 Summon Guardian Golem    Hex/Summ       13%        N/A       16%         3
 Summon Lightning Spire   Summ/Air       13%        N/A       45%         4


Dungeon Overview and Level Annotations

Branches:
Dungeon (3/15) Zot: 22056

Altars:
Fedhas


Innate Abilities, Weirdness & Mutations

You have sharp claws.
You have razor-sharp teeth.
You have supernaturally acute eyesight. (SInv)
You cover ground quickly. (Speed+)
You are covered in fur. (AC +1)
Your paws help you pounce on unaware monsters.
You are incapable of wielding weapons or throwing items.
You cannot wear armour.
You gain extra lives every three experience levels.


Message History

The orc hits your quokka with a +0 club.
Your crimson imp hits the orc.
The orc hits your quokka with a +0 club.
Your quokka dies!
Your quokka's corpse disappears in a puff of smoke!
Something barely misses your crimson imp.
Casting: Call Imp (safe; 2% risk of failure)
Confirm with . or Enter, or press ? or * to list all spells.
Something barely misses your crimson imp.
Something hits your crimson imp.
Your crimson imp hits something.
Your crimson imp barely misses itself.
Something hits your crimson imp. x2
Your crimson imp dies!
Your crimson imp disappears in a puff of smoke!
You hear a shout!
You swap places.
You hear a shout!
You hear an angry hiss.
Your quokka bites the orc.
The orc dies!
An orc wizard comes into view. It is wielding a +0 dagger.
The orc wizard points at you and mumbles some strange words.
Your quokka resists with significant effort.
You hear the slow rusting of a drain nearby.
The orc wizard misses your quokka.
The orc wizard hits your quokka but does no damage.
The orc priest invokes the aid of Beogh against you.
Beogh smites you!
Ouch! That really hurt!
The orc wizard points at you and mumbles some strange words.
The puff of flame hits your quokka!
Your quokka dies!
Your quokka's corpse disappears in a puff of smoke!
The orc priest mumbles some strange prayers to Beogh against you.
Beogh smites you!
Ouch! That really hurt!
You die...
You are now level 3!
You rejoin the land of the living...
Found 17 gold pieces and a cyan potion.
Found a stone staircase leading up.
Are you sure you want to abandon this character and quit the game? (Confirm with "yes".)

#..........#
.#..........#
............ ..
#.........##
#.#.#..........#
######...............#
.)......#............#
#)....... #....@.$.!#
#†....... #.........#
......... #........##
#$!...........<....##
#..........##.##...#
.......... .. ..###
#........ #. ..#
#........ .. ..#
#........


There were no monsters in sight!

Vanquished Creatures
  2 ball pythons
  2 bats (D:1)
  3 goblins
  A jackal (D:1)
  A quokka (D:1)
  A kobold (D:1)
  A rat (D:1)
11 creatures vanquished.

Vanquished Creatures (collateral kills)
  Terence (D:2)
  Robin (D:2)
  3 adders
  2 dart slugs (D:1)
  2 orcs (D:3)
  3 bats
  3 endoplasms
  8 goblins
  7 hobgoblins
  2 jackals (D:1)
  4 ball pythons
  A frilled lizard (D:1)
  4 kobolds
41 creatures vanquished.

Grand Total: 52 creatures vanquished

Notes
Turn   | Place    | Note
-------+----------+-------------------------------------------
     0 | D:1      | SuperHamster the Felid Summoner began the quest for the
                  | Orb.
     0 | D:1      | Reached XP level 1. HP: 7/7 MP: 4/4
   187 | D:1      | Reached XP level 2. HP: 11/11 MP: 4/6
   529 | D:1      | Reached skill level 5 in Summonings
   571 | D:1      | Reached XP level 3. HP: 13/14 MP: 7/7
   847 | D:2      | Learned a level 2 spell: Call Imp
   851 | D:2      | Learned a level 3 spell: Call Canine Familiar
   970 | D:2      | Noticed Robin
  1114 | D:2      | Killed Robin
  1218 | D:2      | Found a blossoming altar of Fedhas.
  1247 | D:2      | Identified the +5 scale mail of the Plum {rPois rF- Regen+
                  | Str+2}
  1290 | D:2      | Noticed Terence
  1314 | D:2      | Killed Terence
  1315 | D:2      | Reached XP level 4. HP: 18/18 MP: 3/8
  1771 | D:2      | Found a faded altar of an unknown god.
  1959 | D:2      | Reached skill level 6 in Summonings
  2220 | D:3      | Killed from afar by an orc priest
  2221 | D:3      | Reached XP level 3. HP: -5/14 MP: 7/7
  2221 | D:3      | Quit the game

Illustrated notes

Levels and vault maps discovered:
D:1:      saegor_arrival_simple_d, layout_rooms
D:2:      layout_basic, basic_altar, nicolae_ecumenical_lake_church, uniq_robin,
          uniq_terence
D:3:      layout_rooms, portal_sewer_entry_f

Skill      XL: |  1  2  3  4 |
---------------+-------------+-----
Summonings     | 5 6 |  6.2
Dodging        | |  2.6
Stealth        | |  2.6
Spellcasting   | |  2.0

Action                   |  1- 3 |  4- 6 || total
-------------------------+-------+-------++-------
Melee: Unarmed           |    33 |     8 ||    41
       Bite              |     3 |       ||     3
 Cast: Summon Small Mamm |    44 |    15 ||    59
       Call Imp          |     2 |     3 ||     5
       Call Canine Famil |     2 |       ||     2
 Stab: Sleeping          |     1 |     1 ||     2
Armor: Skin              |     5 |       ||     5
Dodge: Dodged            |    67 |     7 ||    74
Block: Other             |    11 |     3 ||    14

Table legend: (Time is in decaauts)
 A = Elapsed time spent in this place.
 B = Non-inter-level travel time spent in this place.
 C = Inter-level travel time spent in this place.
 D = Time resting spent in this place.
 E = Time spent auto-exploring this place.
 F = Levels seen in this place.
 G = Mean time per level.
                   A        B        C        D        E       F      G
               +--------+--------+--------+--------+--------+-----+--------+
         Total |   1943 |   1889 |     54 |    155 |   1032 |   3 |  647.7 |
       Dungeon |   1943 |   1889 |     54 |    155 |   1032 |   3 |  647.7 |
               +--------+--------+--------+--------+--------+-----+--------+

Top non-repeatable levels by time:
     D:2: 1190 daAuts
     D:1: 696 daAuts
     D:3: 57 daAuts
